 Dungeon Crawl Stone Soup version 0.29-a0-821-g6639535 (webtiles) character file.

Game seed: 825782190237566034

102 Illumine the Trooper (level 4, 0/41 HPs)
             Began as a Minotaur Fighter on July 7, 2022.
             Slain by a gnoll
             ... wielding a +0 spear
              (6 damage)
             ... on level 3 of the Dungeon.
             The game lasted 00:01:01 (1858 turns).

Illumine the Trooper (Minotaur Fighter)             Turns: 1858, Time: 00:01:02

Health: 0/41       AC:  7    Str: 23    XL:     4   Next: 50%
Magic:  3/3        EV:  9    Int:  5    God:
Gold:   94         SH:  4    Dex:  9    Spells: 3/3 levels left

rFire   . . .      SeeInvis .   a - +0 war axe
rCold   . . .      Faith    .   c - +0 buckler
rNeg    . . .      Spirit   .   b - +0 scale mail
rPois   .          Reflect  .   (helmet restricted)
rElec   .          Harm     .   (no cloak)
rCorr   .          Rampage  .   (no gloves)
Will    .....                   (no boots)
Stlth   ..........              (no amulet)
HPRegen 0.13/turn               (no ring)
MPRegen 0.08/turn               (no ring)

@: no status effects
A: horns 2, retaliatory headbutt
a: no special abilities


You were on level 3 of the Dungeon.
You visited 1 branch of the dungeon, and saw 3 of its levels.

You collected 94 gold pieces.

Inventory:

Hand Weapons
 a - a +0 war axe (weapon)
Missiles
 l - 2 poisoned darts (quivered)
Armour
 b - a +0 scale mail (worn)
 c - a +0 buckler (worn)
Jewellery
 j - a ring of willpower
 o - a ring of ice
Scrolls
 e - a scroll of immolation {unknown}
 h - 2 scrolls of fear {unknown}
 k - a scroll of poison {unknown}
 n - a scroll of blinking {unknown}
Potions
 d - a potion of might
 f - 2 potions of curing {unknown}
 g - a potion of degeneration {unknown}
 i - 3 potions of attraction {unknown}
 m - a potion of heal wounds {unknown}


   Skills:
 + Level 4.4 Fighting
 * Level 4.3 Axes
 + Level 4.3 Armour
 - Level 4.0 Shields


You had 3 spell levels left.
You didn't know any spells.
Your spell library was empty.

Dungeon Overview and Level Annotations

Branches:
Dungeon (3/15)

Altars:
Wu Jian

Annotations:
D:3 1 runed translucent door


Innate Abilities, Weirdness & Mutations

You have a pair of horns on your head.
You reflexively headbutt those who attack you in melee.


Message History

The gnoll barely misses you. You block the gnoll's attack.
The gnoll barely misses you. x2; You block the gnoll's attack.
You barely miss the gnoll.
The gnoll hits you from afar with a +0 spear.
The gnoll hits you but does no damage.
The gnoll hits you from afar with a +0 spear.
Unknown command.
You closely miss the gnoll.
The gnoll hits you from afar with a +0 spear.
The gnoll barely misses you. You block the gnoll's attack.
Unknown command.
You block the gnoll's attack. The gnoll hits you with a +0 spear.
The gnoll hits you with a +0 spear!
Unknown command.
You slash the gnoll! You headbutt the gnoll.
The gnoll is almost dead.
You barely miss the gnoll. x2; The gnoll hits you with a +0 flail!
The gnoll hits you with a +0 spear. The gnoll hits you but does no damage.
The gnoll barely misses you. You block the gnoll's attack.
The gnoll hits you but does no damage.
Unknown command.
You are too injured to fight recklessly!
Unknown command.
You are too injured to fight recklessly!
Unknown command.
You hit the gnoll.
The gnoll is heavily wounded.
You barely miss the gnoll. You hit the gnoll.
The gnoll hits you with a +0 spear!
* * * LOW HITPOINT WARNING * * *
The gnoll barely misses you. x2
Unknown command.
You barely miss the gnoll.
The gnoll is heavily wounded.
You hit the gnoll but do no damage. You barely miss the gnoll.
The gnoll hits you but does no damage. The gnoll hits you with a +0 flail.
* * * LOW HITPOINT WARNING * * *
The gnoll hits you but does no damage. The gnoll closely misses you.
The gnoll hits you but does no damage. The gnoll hits you with a +0 spear.
You die...

........# ## ..
.........#.#..$.#
........#..#.....#
.................+
.........≈.......#
..(.....≈≈≈......#
P......g≈≈≈≈.....#
......g@.≈≈≈...#.# #
P....##g.≈≈≈.#.#.#.#
...#.....≈.........###
# #................<#
#........##.###### #
≈#.....#.###.# .
≈≈+.....#.###'######...
≈≈#.....#.........##...
###.....#.##......##...


You could see 3 gnolls.

Vanquished Creatures
  A scorpion zombie (D:3)
  2 adders (D:2)
  An adder skeleton (D:3)
  2 worms (D:2)
  4 ball pythons
  4 bats
  9 endoplasms
  2 goblins
  5 hobgoblins
  4 quokkas
  2 frilled lizards (D:1)
  A giant cockroach zombie (D:3)
  6 kobolds
  4 rats
47 creatures vanquished.

Notes
Turn   | Place    | Note
-------+----------+-------------------------------------------
     0 | D:1      | Illumine the Minotaur Fighter began the quest for the Orb.
     0 | D:1      | Reached XP level 1. HP: 19/19 MP: 0/0
   172 | D:1      | Found a faded altar of an unknown god.
   197 | D:1      | Reached XP level 2. HP: 27/27 MP: 1/1
   877 | D:2      | Reached XP level 3. HP: 31/33 MP: 2/2
  1620 | D:2      | Reached XP level 4. HP: 40/40 MP: 3/3
  1786 | D:3      | Found an ornate altar of the Wu Jian Council.
  1850 | D:3      | Found a runed translucent door.
  1858 | D:3      | Slain by a gnoll

Illustrated notes

Levels and vault maps discovered:
D:1:      eino_arrival_cavern_a, layout_basic,
          shapermc_ecumenical_altar_flowoftime
D:2:      layout_loops_corners
D:3:      layout_basic, nicolae_overflow_ecumenical_swirl,
          yredelemnul_altar_generic, mainiacjoe_overflow_catch_the_wave,
          serial_undead, serial_undead_d, serial_undead_f, serial_undead_a,
          serial_undead_b, ebering_ghost_sewer_f, kennysheep_generic_room_9

Skill      XL: |  1  2  3  4 |
---------------+-------------+-----
Axes           | 3 4 |  4.3
Shields        | 4 |  4.0
Fighting       | 4 |  4.4
Armour         | 4 |  4.3

Action                   |  1- 3 |  4- 6 || total
-------------------------+-------+-------++-------
Melee: War axe           |    63 |    18 ||    81
       Headbutt          |    13 |     7 ||    20
Armor: Scale mail        |    22 |    11 ||    33
Dodge: Dodged            |    35 |    19 ||    54
Block: Buckler           |    14 |     8 ||    22

Table legend: (Time is in decaauts)
 A = Elapsed time spent in this place.
 B = Non-inter-level travel time spent in this place.
 C = Inter-level travel time spent in this place.
 D = Time resting spent in this place.
 E = Time spent auto-exploring this place.
 F = Levels seen in this place.
 G = Mean time per level.
                   A        B        C        D        E       F      G
               +--------+--------+--------+--------+--------+-----+--------+
         Total |   1887 |   1868 |     19 |      0 |   1586 |   3 |  629.0 |
       Dungeon |   1887 |   1868 |     19 |      0 |   1586 |   3 |  629.0 |
               +--------+--------+--------+--------+--------+-----+--------+

Top non-repeatable levels by time:
     D:2: 911 daAuts
     D:1: 847 daAuts
     D:3: 128 daAuts
